 Dungeon Crawl Stone Soup version 0.31-a0-868-g674d60d6f7 (webtiles) character file.

Game seed: 6803134588652593424

830 Xavori the Covert (level 7, -13/48 HPs)
             Began as an Octopode Chaos Knight on Oct 11, 2023.
             Was a Plaything of Xom.
             Mangled by an ogre
             ... wielding a +0 giant club
              (32 damage)
             ... on level 5 of the Dungeon.
             The game lasted 00:04:27 (13234 turns).

Xavori the Covert (Octopode Chaos Knight)          Turns: 13234, Time: 00:04:27

Health: -13/48     AC:  5    Str: 11    XL:     7   Next: 97%
Magic:  4/4        EV: 14    Int: 15    God:    Xom [*.....]
Gold:   154        SH:  0    Dex: 13    Spells: 6/6 levels left

rFire   . . .        a - +0 short sword (chaos)
rCold   . . .        (no shield)
rNeg    . . .        (helmet restricted)
rPois   .            o - amulet of faith
rElec   .            c - +4 ring of protection
rCorr   .            (no ring)
SInv    .            (no ring)
Will    .....        (no ring)
Stlth   +++++        (no ring)
HPRegen 0.28/turn    (no ring)
MPRegen 0.09/turn    (no ring)
                     (no ring)

%: faith
@: mighty, slowed, very slow
A: almost no armour, amphibious, 8 rings, camouflage 1, gelatinous body 1,
(nimble swimmer 1), tentacles, tentacle spike 1, low MP 3, mutation resistance
1, no potion heal 1, subdued magic 1, noise suppression
a: Renounce Religion


You were on level 5 of the Dungeon.
You worshipped Xom.
You were a special plaything of Xom.
You visited 1 branch of the dungeon, and saw 5 of its levels.

You collected 208 gold pieces.
You spent 54 gold pieces at shops.

Inventory:

Hand Weapons
 a - a +0 short sword of chaos (weapon)
Jewellery
 c - a +4 ring of protection (left tentacle)
 o - an amulet of faith (around mantle)
Wands
 n - a wand of flame (13)
 s - a wand of light (12)
 t - a wand of mindburst (13)
Scrolls
 b - a scroll of butterflies
 d - a scroll of noise {unknown}
 e - 3 scrolls of teleportation {unknown}
 f - 2 scrolls of fear
 g - 4 scrolls of identify
 h - a scroll of fog {unknown}
Potions
 i - a potion of heal wounds {unknown}
 j - a potion of resistance {unknown}
 k - a potion of lignification {unknown}
 l - 2 potions of enlightenment {unknown}
 m - a potion of mutation {unknown}
 p - a potion of curing {unknown}
 q - a potion of degeneration {unknown}
 r - a potion of attraction {unknown}


   Skills:
 + Level 4.0 Fighting
 + Level 5.4 Short Blades
 + Level 3.5 Dodging
 + Level 8.7 Stealth
 * Level 0.2 Evocations


You had 6 spell levels left.
You didn't know any spells.
Your spell library was empty.

Dungeon Overview and Level Annotations

Branches:
Dungeon (5/15)
 Temple: D:4-7

Altars:
Dithmenos
Gozag
Uskayaw

Shops:
D:1 [!?[=   D:2 :*(   D:3 :

Annotations:
D:4 1 transporter, epsilonplus's ghost, amateur TeHu


Innate Abilities, Weirdness & Mutations

You cannot wear most types of armour.
You are amphibious.
You can wear up to eight rings at the same time.
Your skin changes colour to match your surroundings (Stealth+).
Your rubbery body absorbs attacks. (AC +1, EV +1)
((You are camouflaged when in or above water. (Stealth+)))
You have tentacles for arms and can constrict up to eight enemies at once.
One of your tentacles bears a spike.
Your magical capacity is extremely low. (-30% MP)
You are somewhat resistant to further mutation.
Potions are less effective at restoring your health.
Your spells are a little easier to cast, but a little less powerful.
You passively dampen the noise of your surroundings.


Message History

The hound is engulfed in seething chaos.
The hound barely misses you.
You are engulfed in seething chaos.
You feel yourself slow down.
The hound is engulfed in seething chaos. x2
The hound bites you.
The hound is engulfed in seething chaos. x2
The hound bites you.
The orc is engulfed in seething chaos.
The orc suddenly seems more agile.
The hound is engulfed in seething chaos.
The hound closely misses you.
The hound is engulfed in seething chaos.
The hound attacks as it pursues you! The hound misses you.
The hound is engulfed in seething chaos.
The hound barely misses you.
The orc is engulfed in seething chaos.
The ogre is engulfed in seething chaos.
The hound is engulfed in seething chaos.
The hound suddenly seems more resistant.
The hound closely misses you.
The orc is engulfed in seething chaos.
The ogre is engulfed in seething chaos.
The hound is engulfed in seething chaos.
The hound bites you but does no damage. The hound bites you but does no damage.
The orc priest is engulfed in seething chaos.
The orc attacks as it pursues you! The orc barely misses you.
The orc wizard is engulfed in seething chaos.
The hound bites you.
The orc priest is engulfed in seething chaos.
The orc wizard is engulfed in seething chaos.
The orc wizard seems to speed up.
There is an escape hatch in the ceiling here.
You are now a special plaything of Xom.
The hound bites you but does no damage. x2; The orc hits you with a +0 dagger.
The hound closely misses you.
The orc priest is engulfed in seething chaos.
The orc priest suddenly seems more agile.
The orc completely misses you.
The ogre hits you with a +0 giant club!!
Ouch! That really hurt!
You die...
Xom chuckles heartily!

#....### #.)...####.
#####.# #o§§......
#.....# ##§§#.####
..##### ##§.§#.#
#.############..o...#####
......).).......o.......#
....###)######.Oho.####.#
.#..###))# #..@.##
###......# #.#.##
###..##..# #.#.#
.#..###..# #.#.# .. #.
....##...## #.#.# #.##.
..........# #..)# ..##.
......##..# ##..# #.##.
._...####.# #..# #
####.##. ......##..# #..#
#. #....##.


You could see an ogre, a hound (fast, resistant), an orc priest (agile), an orc
wizard (fast) and 2 orcs.

Vanquished Creatures
  An orc warrior (D:4)
  A black bear (D:4)
  An ogre (D:5)
  A centaur (D:5)
  A scorpion (D:5)
  2 hounds
  A jelly (D:5)
  2 orc priests
  A gnoll bouda (D:5)
  3 orc wizards (D:5)
  3 adders
  5 gnolls (D:5)
  A worm (D:2)
  4 dart slugs
  9 orcs
  10 bats
  4 endoplasms
  6 giant cockroaches
  9 goblins
  5 hobgoblins
  3 kobolds
  4 quokkas
  6 ball pythons
  5 frilled lizards
  6 rats
94 creatures vanquished.

Notes
Turn   | Place    | Note
-------+----------+-------------------------------------------
     0 | D:1      | Xavori the Octopode Chaos Knight began the quest for the
                  | Orb.
     0 | D:1      | Reached XP level 1. HP: 16/16 MP: 1/1
    24 | D:1      | Found Apoesics's Antique Armour Boutique.
    93 | D:1      | Reached XP level 2. HP: 21/21 MP: 2/2
   341 | D:1      | Reached XP level 3. HP: 25/26 MP: 3/3
   407 | D:1      | Reached skill level 1 in Stealth
   519 | D:1      | Found a faded altar of an unknown god.
   568 | D:1      | Found Gytwuyza's Distillery.
   577 | D:1      | Found Dunez's Jewellery Shop.
   692 | D:1      | Found Ismoehe's Antique Armour Emporium.
   876 | D:1      | Found Lomass's Magic Scroll Shop.
   879 | D:1      | Bought a scroll of identify for 24 gold pieces
  1544 | D:1      | XOM: divination: magic mapping
  1839 | D:1      | XOM: divination: detect creatures
  1855 | D:1      | XOM: silly message
  2714 | D:1      | XOM: noise
  3155 | D:1      | XOM: torment (14/26 hp)
  3906 | D:1      | XOM is BORED!
  3906 | D:1      | XOM: torment (14/26 hp)
  5434 | D:1      | XOM: give mutations
  5434 | D:1      | Gained mutation: Your spells are a little easier to cast,
                  | but a little less powerful. [Xom's mischief]
  5434 | D:1      | Gained mutation: Your magical capacity is low. (-10% MP)
                  | [Xom's mischief]
  5434 | D:1      | Gained mutation: Your magical capacity is very low. (-20%
                  | MP) [Xom's mischief]
  5434 | D:1      | Gained mutation: Potions are less effective at restoring
                  | your health. [Xom's mischief]
  5807 | D:1      | XOM: silly message
  6194 | D:1      | XOM: give mutation
  6194 | D:1      | Gained mutation: One of your tentacles bears a spike.
                  | [Xom's grace]
  6499 | D:1      | XOM is BORED!
  6544 | D:1      | XOM: noise
  7722 | D:1      | XOM: noise
  9317 | D:1      | XOM: silly message
  9444 | D:1      | XOM: summons 4 hostile shadow creatures
  9599 | D:2      | XOM: summons 4 hostile shadow creatures
 10724 | D:2      | Noticed a walking earthen tome
 10726 | D:2      | Found Jeffagin's Book Emporium.
 10728 | D:2      | Noticed a walking divine tome
 10834 | D:2      | Found Bumotif's Assorted Antiques.
 10846 | D:2      | Reached skill level 2 in Stealth
 10848 | D:2      | Bought a scroll labelled AMMOYPP ONTUGG for 30 gold pieces
 10862 | D:2      | Found Wonufoel's Antique Weapon Shoppe.
 10862 | D:2      | a kobold changed into a glowing shapeshifter
 10862 | D:2      | Noticed a glowing shapeshifter (glowing shapeshifter)
 10862 | D:2      | XOM: polymorph kobold -> glowing shapeshifter
 10879 | D:2      | a glowing shapeshifter changed into a water nymph
 10879 | D:2      | Noticed a water nymph (glowing shapeshifter)
 10883 | D:2      | Noticed a lindwurm
 10883 | D:2      | a lindwurm changed into a sea snake
 10883 | D:2      | Noticed a sea snake (glowing shapeshifter)
 10898 | D:2      | Noticed an ettin
 10903 | D:2      | Noticed a wolf spider
 10958 | D:2      | Reached XP level 4. HP: 31/31 MP: 3/3
 11010 | D:2      | Noticed a slime creature
 11011 | D:2      | a slime creature changed into a merfolk
 11011 | D:2      | Noticed a merfolk (glowing shapeshifter)
 11013 | D:2      | Glimpsed the power of Zot.
 11014 | D:2      | a merfolk changed into a moth of wrath
 11014 | D:2      | Noticed a moth of wrath (glowing shapeshifter)
 11020 | D:2      | XOM: summons 2 friendly demons
 11025 | D:2      | a moth of wrath changed into a deep troll
 11025 | D:2      | Noticed a deep troll (glowing shapeshifter)
 11032 | D:2      | a deep troll changed into a two-headed ogre
 11032 | D:2      | Noticed a two-headed ogre (glowing shapeshifter)
 11038 | D:2      | XOM: fake destruction
 11043 | D:2      | a two-headed ogre changed into a cyclops
 11043 | D:2      | Noticed a cyclops (glowing shapeshifter)
 11045 | D:2      | XOM: butterfly on damage
 11046 | D:2      | a cyclops changed into a skyshark
 11046 | D:2      | Noticed a skyshark (glowing shapeshifter)
 11051 | D:2      | a skyshark changed into a wolf spider
 11051 | D:2      | Noticed a wolf spider (glowing shapeshifter)
 11052 | D:2      | a wolf spider changed into an ettin
 11052 | D:2      | Noticed an ettin (glowing shapeshifter)
 11055 | D:2      | an ettin changed into a boulder beetle
 11055 | D:2      | Noticed a boulder beetle (glowing shapeshifter)
 11065 | D:2      | a boulder beetle changed into a quicksilver ooze
 11065 | D:2      | Noticed a quicksilver ooze (glowing shapeshifter)
 11066 | D:2      | Reached skill level 3 in Stealth
 11066 | D:2      | XOM: confuse monster(s)
 11068 | D:2      | a quicksilver ooze changed into an ettin
 11068 | D:2      | Noticed an ettin (glowing shapeshifter)
 11070 | D:2      | an ettin changed into a spark wasp
 11070 | D:2      | Noticed a spark wasp (glowing shapeshifter)
 11074 | D:3      | XOM: give mutations
 11074 | D:3      | Gained mutation: You passively dampen the noise of your
                  | surroundings. [Xom's mischief]
 11074 | D:3      | Gained mutation: Your magical capacity is extremely low.
                  | (-30% MP) [Xom's mischief]
 11074 | D:3      | Gained mutation: You are somewhat resistant to further
                  | mutation. [Xom's mischief]
 11083 | D:3      | XOM: noise
 11244 | D:3      | Found Ziedgh's Vocational Training.
 11667 | D:3      | Reached skill level 4 in Stealth
 11667 | D:3      | Reached XP level 5. HP: 36/36 MP: 3/3
 11789 | D:4      | Noticed a black bear
 11794 | D:4      | Killed a black bear
 11795 | D:4      | Reached skill level 5 in Stealth
 11934 | D:4      | Noticed an orc warrior
 11939 | D:4      | Reached XP level 6. HP: 42/42 MP: 4/4
 11951 | D:4      | Killed an orc warrior
 11952 | D:4      | Reached skill level 6 in Stealth
 11968 | D:4      | XOM: noise
 12160 | D:4      | XOM: silly message
 12340 | D:4      | Found a transporter.
 12340 | D:4      | Noticed epsilonplus's ghost (amateur TeHu)
 12390 | D:4      | Found an opulent altar of Gozag.
 12390 | D:4      | Found a hide-covered altar of Uskayaw.
 12410 | D:4      | XOM: silly message
 12503 | D:4      | XOM: silly message
 12616 | D:5      | Entered Level 5 of the Dungeon
 12695 | D:5      | Reached XP level 7. HP: 47/47 MP: 4/4
 12708 | D:5      | Reached skill level 7 in Stealth
 12789 | D:5      | XOM: cast spell 'Cause Fear'
 12794 | D:5      | Reached skill level 5 in Short Blades
 13029 | D:5      | Reached skill level 8 in Stealth
 13179 | D:5      | Found a shadowy altar of Dithmenos.
 13187 | D:5      | XOM: 2-stop teleportation journey
 13224 | D:5      | XOM: chaos cloud
 13234 | D:5      | Mangled by an ogre

Illustrated notes

Levels and vault maps discovered:
D:1:      dpeg_arrival_arbitrary_a, layout_loops_ring,
          shapermc_ecumenical_altar_petra, serial_shops,
          nicolae_shop_gibbet_a_chance, nicolae_shop_trees,
          nicolae_diamond_shop, shop, nicolae_shop_rolled_up,
          minmay_misc_feat_enclosed, grunt_decor_one_mirror
D:2:      layout_rooms, serial_shops, nicolae_shop_mannequins, shop_coins, shop
D:3:      layout_basic, minmay_fountain_box, minmay_misc_feat_iff,
          nicolae_shop_vocational
D:4:      layout_loops_ring, gammafunk_temple_overflow_elements,
          gammafunk_ghost_smash
D:5:      layout_loops_ring, mainiacjoe_overflow_six_doors_small,
          nicolae_dithmenos_shadow_blocks, uniq_blork_the_orc

Skill      XL: |  1  2  3  4  5  6  7 |
---------------+----------------------+-----
Stealth        | 2 4 5 6 8 |  8.7
Short Blades   | 4 5 |  5.4
Dodging        | 3 |  3.5
Fighting       | 4 |  4.0
Evocations     | |  0.2

Action                     |  1- 3 |  4- 6 |  7- 9 || total
---------------------------+-------+-------+-------++-------
  Melee: Short sword       |    85 |    68 |    40 ||   193
         Constrict         |    16 |    14 |     9 ||    39
         Tentacles         |     9 |    12 |    17 ||    38
         Kick              |     2 |    25 |    17 ||    44
         Punch             |       |     1 |     1 ||     2
    Use: Scroll            |     2 |       |       ||     2
         Potion            |       |     1 |       ||     1
   Stab: Sleeping          |    19 |    13 |     3 ||    35
         Distracted        |       |       |     2 ||     2
 Armour: Skin              |    36 |    23 |    25 ||    84
  Dodge: Dodged            |    37 |    24 |    45 ||   106

Table legend: (Time is in decaauts)
 A = Elapsed time spent in this place.
 B = Non-inter-level travel time spent in this place.
 C = Inter-level travel time spent in this place.
 D = Time resting spent in this place.
 E = Time spent auto-exploring this place.
 F = Levels seen in this place.
 G = Mean time per level.
                   A        B        C        D        E       F      G
               +--------+--------+--------+--------+--------+-----+--------+
         Total |  13200 |  12897 |    303 |   9796 |   2470 |   5 | 2640.0 |
       Dungeon |  13200 |  12897 |    303 |   9796 |   2470 |   5 | 2640.0 |
               +--------+--------+--------+--------+--------+-----+--------+

Top non-repeatable levels by time:
     D:1: 10529 daAuts
     D:4: 865 daAuts
     D:3: 745 daAuts
     D:2: 579 daAuts
     D:5: 479 daAuts
